 Dungeon Crawl Stone Soup version 0.30.0-29-ga12c61a403 (webtiles) character file.

Game seed: 16423725513235427926

6 ChiefBigBeans the Poker (level 1, 0/16 HPs)
             Began as a Demonspawn Gladiator on June 21, 2023.
             Slain by a goblin
             ... wielding a +0 dagger
              (3 damage)
             ... on level 1 of the Dungeon.
             The game lasted 00:00:31 (108 turns).

ChiefBigBeans the Poker (Demonspawn Gladiator)       Turns: 108, Time: 00:00:32

Health: 0/16       AC:  4    Str: 14    XL:     1   Next: 75%
Magic:  1/1        EV: 12    Int:  9    God:
Gold:   0          SH:  0    Dex: 14    Spells: 0/0 levels left

rFire   . . .        a - +0 trident
rCold   . . .        (no shield)
rNeg    . . .        b - +0 leather armour
rPois   .            c - +0 helmet
rElec   .            (no cloak)
rCorr   .            (no gloves)
SInv    .            (no boots)
Will    .....        (no amulet)
Stlth   +            (no ring)
HPRegen 0.22/turn    (no ring)
MPRegen 0.07/turn

%: no passive effects
@: no status effects
A: no striking features
a: no special abilities


You were on level 1 of the Dungeon.
You visited 1 branch of the dungeon, and saw 1 of its levels.

Inventory:

Hand Weapons
 a - a +0 trident (weapon)
Missiles
 d - 3 throwing nets (quivered)
 e - a javelin
Armour
 b - a +0 leather armour (worn)
 c - a +0 helmet (worn)
Jewellery
 g - an amulet of magic regeneration
Scrolls
 f - a scroll of identify {unknown}


   Skills:
 + Level 2.1 Fighting
 + Level 2.8 Polearms
 - Level 1.7 Throwing
 + Level 0.3 Armour
 + Level 2.8 Dodging


You couldn't memorise any spells.
You didn't know any spells.
Your spell library was empty.

Dungeon Overview and Level Annotations

Branches:
Dungeon (1/15)

Altars:


Message History

A hobgoblin comes into view.
Found 8 gold pieces and a fizzy blue potion.
A goblin comes into view. It is wielding a +0 dagger.
The goblin shouts!
You hit the hobgoblin.
You punch the hobgoblin, but do no damage.
The hobgoblin is severely wounded.
The hobgoblin hits you.
You closely miss the hobgoblin.
The hobgoblin is severely wounded.
You hit the hobgoblin.
You kill the hobgoblin!
The quokka closely misses you.
You barely miss the quokka. The quokka bites you.
The goblin hits you but does no damage. The quokka barely misses you.
You hit the quokka.
The quokka is lightly wounded.
The goblin hits you with a +0 dagger. The quokka bites you.
The goblin barely misses you.
You are too injured to fight recklessly!
You are too injured to fight recklessly!
You are too injured to fight recklessly!
You are too injured to fight recklessly!
You are too injured to fight recklessly!
You barely miss the quokka.
The quokka twitches its whiskers.
The quokka closely misses you. The goblin hits you with a +0 dagger.
You hit the quokka.
The quokka is almost dead.
The quokka barely misses you. The goblin misses you.
The quokka barely misses you.
You completely miss the quokka.
The quokka is almost dead.
The quokka closely misses you. The goblin hits you with a +0 dagger.
* * * LOW HITPOINT WARNING * * *
A ball python comes into view.
You closely miss the quokka.
The quokka is almost dead.
The quokka misses you. The goblin hits you with a +0 dagger.
You die...

#......# #......#
#......# ###########
##......# #..........
........# #####.##.###..
......!.####.....##.###..
.............##..........
.>###..#######......###.
.......r@†# #..###.....
##....###g# #).# #####.
#.... .# .).###.....
$..>. .. ...........
##.## .#S .#####.##.. ...
.#.# ......# .! .# #
.##.#### .# .. ..


You could see a quokka, a goblin and a ball python.

Vanquished Creatures
  An endoplasm (D:1)
  A giant cockroach (D:1)
  2 hobgoblins (D:1)
  A goblin (D:1)
5 creatures vanquished.

Notes
Turn   | Place    | Note
-------+----------+-------------------------------------------
     0 | D:1      | ChiefBigBeans the Demonspawn Gladiator began the quest for
                  | the Orb.
     0 | D:1      | Reached XP level 1. HP: 16/16 MP: 1/1
   108 | D:1      | Slain by a goblin

Illustrated notes

Levels and vault maps discovered:
D:1:      nzn_arrival_crosshair, layout_basic,
          dreamdust_ecumenical_altar_angels_and_demons, serial_shops,
          nicolae_shop_hallway_stairs, minmay_crystal_water,
          kennysheep_small_spiral, solitary_fountain, chequers_big_river

Action                     || total
---------------------------++-------
  Melee: Trident           ||    21
         Punch             ||     1
   Stab: Sleeping          ||     1
 Armour: Leather armour    ||     3
  Dodge: Dodged            ||    14
